 Dungeon Crawl Stone Soup version 0.31-a0-277-g31ea1f65cc (webtiles) character file.

Game seed: 17873705021736220032

637 pokeman the Magician (level 7, 0/38 HPs)
             Began as a Deep Elf Hedge Wizard on July 15, 2023.
             Slain by a black bear (1 damage)
             ... on level 5 of the Dungeon.
             The game lasted 00:07:46 (4206 turns).

pokeman the Magician (Deep Elf Hedge Wizard)        Turns: 4206, Time: 00:07:46

Health: 0/38       AC:  4    Str:  7    XL:     7   Next: 25%
Magic:  18/29      EV: 13    Int: 21    God:
Gold:   118        SH:  0    Dex: 14    Spells: 7/21 levels left

rFire   . . .        z - +0 hand crossbow (drain)
rCold   . . .        (no shield)
rNeg    . . .        b - +0 robe
rPois   +            v - +0 helmet
rElec   .            (no cloak)
rCorr   .            (no gloves)
SInv    .            f - +0 pair of boots
Will    .....        (no amulet)
Stlth   ++           c - ring of magical power
HPRegen 0.26/turn    p - ring of poison resistance
MPRegen 0.21/turn

%: no passive effects
@: no status effects
A: no striking features
a: no special abilities


You were on level 5 of the Dungeon.
You visited 2 branches of the dungeon, and saw 6 of its levels.

You collected 196 gold pieces.
You spent 78 gold pieces at shops.

Inventory:

Hand Weapons
 z - a +0 hand crossbow of draining (weapon)
 B - a +3 dagger of venom
Armour
 b - a +0 robe (worn)
 f - a +0 pair of boots (worn)
 v - a +0 helmet (worn)
 x - +0 fire dragon scales
Magical Staves
 s - a staff of air
Jewellery
 c - a ring of magical power (left hand)
 e - a ring of wizardry
 p - a ring of poison resistance (right hand)
 r - a ring of ice
 t - an amulet of faith
Scrolls
 a - 2 scrolls of noise {unknown}
 i - 5 scrolls of identify {unknown}
 j - a scroll of fog {unknown}
 m - a scroll of enchant armour {unknown}
 n - 3 scrolls of teleportation
 o - a scroll of summoning {unknown}
 u - a scroll of immolation {unknown}
 w - a scroll of silence {unknown}
 y - 2 scrolls of amnesia {unknown}
 A - a scroll of fear {unknown}
Potions
 d - a potion of magic
 g - a potion of resistance {unknown}
 h - a potion of cancellation {unknown}
 k - a potion of might {unknown}
 l - 2 potions of curing {unknown}
 q - a potion of degeneration {unknown}


   Skills:
 + Level 1.2 Fighting
 - Level 1.0 Armour
 - Level 3.0 Dodging
 - Level 3.1 Stealth
 * Level 7.7 Spellcasting
 + Level 3.7 Conjurations
 - Level 1.1 Summonings
 - Level 1.1 Translocations
 + Level 0.7 Fire Magic
 - Level 2.0 Air Magic
 - Level 2.1 Poison Magic
 - Level 2.1 Evocations


You had 7 spell levels left.
You knew the following spells:

 Your Spells              Type           Power      Damage    Failure   Level
a - Magic Dart            Conj           92%        1d7       1%          1
b - Mephitic Cloud        Conj/Pois/Air  19%        N/A       9%          3
c - Call Imp              Summ           24%        N/A       8%          2
d - Blink                 Tloc           24%        N/A       8%          2
e - Plasma Beam           Fire/Air       6%         2x1d17    100%        6

Your spell library contained the following spells:

 Spells                   Type           Power      Damage    Failure   Level
 Kiss of Death            Conj/Necr      60%        2d10      3%          1
 Apportation              Tloc           24%        N/A       5%          1
 Summon Small Mammal      Summ           48%        N/A       5%          1
 Cigotuvi's Dreadful Rot  Necr/Pois/Air  26%        N/A       7%          2
 Necrotise                Necr           32%        1d5       9%          1
 Slow                     Hex            32%        N/A       9%          1
 Vhi's Electric Charge    Tloc/Air       28%        N/A       13%         3
 Confusing Touch          Hex            8%         N/A       24%         3
 Arcjolt                  Conj/Air       10%        1d20      56%         5
 Dispel Undead            Necr           8%         3d8       63%         4


Dungeon Overview and Level Annotations

Branches:
Dungeon (5/15)             Temple (1/1) D:4

Altars:
Ashenzari
Cheibriados
Dithmenos
Elyvilon
Fedhas
Gozag
Hepliaklqana
Makhleb
Nemelex Xobeh
Okawaru
Qazlal
Ru
Uskayaw
Wu Jian
Xom
Yredelemnul
Zin
The Shining One

Shops:
D:4 ?

Annotations:
D:5 Edmund


Message History

Edmund laughs crazily.
Edmund closely misses the black bear.
Casting: Blink (safe; 8% risk of failure)
Confirm with . or Enter, or press ? or * to list all spells.
Aiming: Mephitic Cloud (dangerous; 9% risk of failure)
Press: ? - help, Shift-Dir - straight line, f - hound, p - Edmund
Aim: a hound (lightly wounded, confused, chance to affect: 86%)
Okay, then.
Unknown command.
Edmund laughs crazily.
Casting: Mephitic Cloud (dangerous; 9% risk of failure)
Confirm with . or Enter, or press ? or * to list all spells.
Aiming: Mephitic Cloud (dangerous; 9% risk of failure)
Press: ? - help, Shift-Dir - straight line, f - orc
Aim: an orc, wielding a +0 falchion and wearing a +0 ring mail (chance to affect: 96%)
The ball explodes into a vile cloud!
The stinking cloud engulfs the orc but does no damage.
The orc shouts!
You hear a shout!
You hear an angry hiss.
You hear a shout!
The orc is engulfed in noxious fumes.
The orc appears confused.
The hound is engulfed in noxious fumes.
The hound appears confused.
Unknown command.
Unknown command.
Fire: z) +0 hand crossbow (drain)
Press: ? - help, Q - select action, (/) - cycle Shift-Dir - straight line, f/p - orc
Aim: an orc, wielding a +0 falchion and wearing a +0 ring mail (confused, 82% to hit)
You shoot a bolt. The bolt hits the orc.
You drain the orc.
The orc is severely wounded.
The hound is engulfed in noxious fumes.
The orc barely misses you.
The black bear is engulfed in noxious fumes.
The black bear appears confused.
Unknown command.
Fire: z) +0 hand crossbow (drain)
Press: ? - help, Q - select action, (/) - cycle Shift-Dir - straight line, f/p - orc
Aim: an orc, wielding a +0 falchion and wearing a +0 ring mail (severely wounded, confused, heavily drained, 82% to hit)
You shoot a bolt. The bolt hits the orc!
You kill the orc!
The hound closely misses the orc.
The black bear bites you.
* * * LOW HITPOINT WARNING * * *
The black bear barely misses you. The black bear claws you.
You die...

################
...)....r#.....##
.......)........##
.....h...........#
...S.......@.....#
.............°°°h#
..........r..o°○@#
.............o°..#
.#....S.....oh).##
.#.#.....o.....##
##...........###
.............#
.......<....##
..###......##
.....#...##


You could see Edmund (confused), a black bear (confused), a hound (confused), 4
orcs and a quokka (confused).

Vanquished Creatures
  Grinder (D:5)
  An ogre (D:5)
  Blork the orc (D:5)
  A scorpion (D:3)
  A hound (D:4)
  3 iguanas
  4 adders
  A worm (D:3)
  2 dart slugs (D:1)
  3 orcs
  6 ball pythons
  6 bats
  8 endoplasms
  4 giant cockroaches
  12 goblins
  8 hobgoblins
  2 jackals (D:2)
  3 quokkas
  4 frilled lizards
  6 kobolds
  2 rats (D:1)
79 creatures vanquished.

Notes
Turn   | Place    | Note
-------+----------+-------------------------------------------
     0 | D:1      | pokeman the Deep Elf Hedge Wizard began the quest for the
                  | Orb.
     0 | D:1      | Reached XP level 1. HP: 10/10 MP: 7/7
   266 | D:1      | Reached XP level 2. HP: 16/16 MP: 2/9
   837 | D:1      | Found a faded altar of an unknown god.
   870 | D:1      | Reached skill level 5 in Spellcasting
  1312 | D:2      | Reached XP level 3. HP: 20/20 MP: 8/11
  1316 | D:2      | Learned a level 3 spell: Mephitic Cloud
  1319 | D:2      | Learned a level 2 spell: Call Imp
  1322 | D:2      | Learned a level 2 spell: Blink
  1549 | D:2      | Reached skill level 1 in Fighting
  1983 | D:2      | Reached skill level 1 in Armour
  2217 | D:2      | Reached XP level 4. HP: 25/25 MP: 8/13
  2912 | D:3      | Noticed a scorpion
  2931 | D:3      | Killed a scorpion
  2932 | D:3      | Reached skill level 6 in Spellcasting
  2932 | D:3      | Reached XP level 5. HP: 17/29 MP: 8/15
  3509 | D:4      | Found Emep's Magic Scroll Shop.
  3536 | D:4      | Bought a scroll of teleportation for 39 gold pieces
  3536 | D:4      | Bought a scroll of teleportation for 39 gold pieces
  3607 | D:4      | Found a staircase to the Ecumenical Temple.
  3614 | Temple   | Entered the Ecumenical Temple
  3984 | D:4      | Found a sacrificial altar of Ru.
  3993 | D:4      | Found a shadowy altar of Dithmenos.
  4041 | D:5      | Entered Level 5 of the Dungeon
  4041 | D:5      | Noticed an ogre
  4118 | D:5      | Noticed Grinder
  4122 | D:5      | Paralysed by Grinder for 2 turns
  4125 | D:5      | Killed Grinder
  4126 | D:5      | Reached skill level 7 in Spellcasting
  4126 | D:5      | Reached skill level 1 in Air Magic
  4126 | D:5      | Reached skill level 1 in Poison Magic
  4126 | D:5      | Reached skill level 1 in Evocations
  4126 | D:5      | Reached XP level 6. HP: 34/34 MP: 18/18
  4152 | D:5      | Reached XP level 7. HP: 38/38 MP: 19/19
  4159 | D:5      | Learned a level 6 spell: Plasma Beam
  4174 | D:5      | Noticed Blork the orc
  4182 | D:5      | Killed Blork the orc
  4182 | D:5      | Noticed Edmund
  4206 | D:5      | HP: 1/38 [black bear (5)]
  4206 | D:5      | Slain by a black bear

Illustrated notes

Levels and vault maps discovered:
D:1:      lightli_arrival_statuegarden, layout_basic, basic_ecumenical_altar,
          nrook_mini_backslash
D:2:      minmay_general_purpose_star, layout_loops_cross
D:3:      layout_loops_ring
D:4:      layout_rooms, mainiacjoe_overflow_swirl, minmay_temple_entry_junction,
          serial_shops, shop_scrolls
D:5:      layout_rooms, trog_book, vehumet_crystals, uniq_blork_the_orc,
          uniq_edmund, uniq_grinder
Temple:   eino_temple_rhombus

Skill      XL: |  1  2  3  4  5  6 |
---------------+-------------------+-----
Spellcasting   | 5 6 7 |  7.7
Fighting       | 1 |  1.2
Armour         | 1 |  1.0
Conjurations   | 2 3 |  3.7
Dodging        | 3 |  3.0
Stealth        | 3 |  3.1
Air Magic      | 1 2 |  2.0
Poison Magic   | 1 2 |  2.1
Evocations     | 1 2 |  2.1
Summonings     | |  1.1
Translocations | |  1.1
Fire Magic     | |  0.7

Action                     |  1- 3 |  4- 6 |  7- 9 || total
---------------------------+-------+-------+-------++-------
  Melee: Dagger            |     4 |    16 |       ||    20
         Trident           |       |     4 |       ||     4
   Fire: Hand crossbow     |       |    23 |    19 ||    42
   Cast: Magic Dart        |   110 |    51 |       ||   161
         Mephitic Cloud    |       |     9 |     6 ||    15
         Call Imp          |       |     1 |       ||     1
         Blink             |       |       |     1 ||     1
   Stab: Confused          |       |     3 |       ||     3
 Armour: Robe              |       |     4 |     1 ||     5
  Dodge: Dodged            |     9 |    17 |     8 ||    34

Table legend: (Time is in decaauts)
 A = Elapsed time spent in this place.
 B = Non-inter-level travel time spent in this place.
 C = Inter-level travel time spent in this place.
 D = Time resting spent in this place.
 E = Time spent auto-exploring this place.
 F = Levels seen in this place.
 G = Mean time per level.
                   A        B        C        D        E       F      G
               +--------+--------+--------+--------+--------+-----+--------+
         Total |   4240 |   4111 |    129 |     83 |   3487 |   6 |  706.7 |
       Dungeon |   4084 |   3970 |    114 |     83 |   3360 |   5 |  816.8 |
        Temple |    155 |    140 |     15 |      0 |    127 |   1 |  155.0 |
               +--------+--------+--------+--------+--------+-----+--------+

Top non-repeatable levels by time:
     D:2: 1214 daAuts
     D:1: 1213 daAuts
     D:3: 912 daAuts
     D:4: 622 daAuts
  Temple: 155 daAuts
     D:5: 122 daAuts
